AoeStats
← aramanis5760

Lombardia

509299301Analyzed
4v4 RM · 7d ago on Sep 26, 2026· 47m 32s· 8 players
Game mode
Random Map
Map size
Large (8 player)
Population
200
Speed
Normal
Resources
Standard
Victory
Conquest
Starting age
Dark Age
Ending age
Imperial Age
RankedLock teamsTeams togetherTeam positionsShared explorationLock speedFull tech treeHidden civsTurbo modeCheats
Victory
Defeat
🇧🇪 Goths · Belgium
987
+13
🇬🇧 Saxons · United Kingdom
946
+15
🇩🇪 Mongols · Germany
938
+15
🇬🇧 Danes · United Kingdom
909
+16
🇻🇳 Maya · Vietnam
1026
-19
🇯🇵 Berbers · Japan
925
-15
870
-13
🇮🇳 Khmer · India
850
-12
Chu Ko Who?
0:41 Loom
10:23 Feudal Age
10:50 Double-Bit Axe
11:24 Horse Collar
12:36 Wheelbarrow
20:06 Castle Age
19:38 Arson
20:44 Forging
20:34 Scale Mail Armor
21:26 Squires
21:44 Bow Saw
21:44 Stone Mining
26:03 Iron Casting
25:56 Gambesons
26:27 Heavy Plow
27:13 Chain Mail Armor
28:49 Hand Cart
28:10 Hamask
33:46 Imperial Age
33:52 Imperial Age
32:02 Stone Shaft Mining
32:37 Gold Mining
33:55 Gold Shaft Mining
34:17 Onager
35:59 Chemistry
35:19 Ballistics
35:05 Siege Engineers
35:24 Conscription
35:08 Elite Varangian Guard
39:26 Plate Mail Armor
41:04 Blast Furnace
42:20 Siege Onager
43:16 Town Watch
44:32 Scale Barding Armor
44:21 Pikeman
44:22 Man-at-Arms
45:25 Northmen's Fury
46:13 Halberdier
47:06 Long Swordsman
47:57 Fletching
48:07 Padded Archer Armor
Dayman
5:25 Loom
10:54 Feudal Age
12:58 Double-Bit Axe
16:37 Castle Age
20:12 Horse Collar
21:45 Heavy Plow
27:24 Wheelbarrow
26:52 Town Watch
29:02 Bow Saw
31:41 Pikeman
33:40 Gold Mining
33:41 Stone Mining
36:32 Imperial Age
35:18 Fortified Wall
35:34 Hand Cart
35:20 Town Patrol
36:04 Gold Shaft Mining
35:55 Ballistics
35:38 Caravan
36:10 Coinage
37:52 Halberdier
41:31 Two-Man Saw
44:13 Fletching
44:24 Padded Archer Armor
44:34 Forging
44:25 Scale Mail Armor
44:18 Fletching
44:28 Padded Archer Armor
46:00 Iron Casting
46:36 Chain Mail Armor
aramanis5760
11:43 Feudal Age
14:04 Horse Collar
16:36 Castle Age
14:33 Double-Bit Axe
18:59 Bow Saw
23:49 Wheelbarrow
25:58 Hand Cart
26:49 Heavy Plow
27:02 Gold Mining
27:29 Forging
27:19 Scale Mail Armor
30:30 Imperial Age
28:50 Iron Casting
29:32 Anarchy
29:51 Chain Mail Armor
30:42 Squires
31:14 Elite Huskarl
32:43 Conscription
33:27 Blast Furnace
33:10 Perfusion
34:43 Two-Man Saw
meisterhaku
2:28 Loom
12:30 Feudal Age
13:47 Wheelbarrow
13:00 Double-Bit Axe
12:58 Horse Collar
13:11 Gold Mining
13:16 Stone Mining
19:57 Castle Age
21:02 Hand Cart
21:00 Bow Saw
20:54 Heavy Plow
24:39 Heavy Plow
27:14 Gold Shaft Mining
28:15 Stone Shaft Mining
32:04 Imperial Age
30:14 Ballistics
29:52 Fletching
30:03 Padded Archer Armor
33:08 Town Watch
33:22 Bodkin Arrow
33:42 Leather Archer Armor
33:33 Husbandry
33:44 Bloodlines
34:01 Parthian Tactics
34:40 Chemistry
34:04 Conscription
33:18 Elite Mangudai
34:50 Masonry
34:04 Light Cavalry
35:45 Town Patrol
35:50 Bracer
35:17 Hussar
36:48 Nomads
38:05 Forging
38:01 Scale Barding Armor
39:57 Iron Casting
42:51 Blast Furnace
42:12 Chain Barding Armor
findsarfaraz
2:48 Loom
11:19 Feudal Age
12:45 Horse Collar
13:07 Double-Bit Axe
17:21 Castle Age
18:08 Heavy Plow
25:56 Caravan
26:58 Wheelbarrow
28:18 Gold Mining
31:32 Imperial Age
32:12 Scale Mail Armor
32:22 Forging
32:03 Fletching
33:15 Conscription
32:56 Double Crossbow
34:00 Ballistics
34:42 Chemistry
33:13 Heavy Scorpion
34:56 Hand Cart
36:54 Padded Archer Armor
36:49 Bodkin Arrow
36:57 Husbandry
37:08 Bloodlines
40:52 Light Cavalry
Asurason
11:50 Feudal Age
12:23 Double-Bit Axe
16:39 Castle Age
19:30 Bow Saw
26:17 Bloodlines
26:09 Husbandry
30:34 Scale Barding Armor
31:38 Gold Mining
33:01 Gold Shaft Mining
33:03 Chain Barding Armor
38:49 Imperial Age
37:03 Forging
39:40 Wheelbarrow
38:51 Loom
38:59 Heavy Camel Rider
40:07 Elite Genitour
40:59 Thumb Ring
46:26 Hand Cart
quocdaicd15s1
11:41 Feudal Age
16:20 Castle Age
14:08 Horse Collar
14:33 Double-Bit Axe
16:48 Forging
16:38 Scale Mail Armor
16:06 Man-at-Arms
17:03 Squires
16:48 Arson
17:12 Long Swordsman
24:52 Heavy Plow
25:02 Stone Mining
26:59 Wheelbarrow
29:22 Iron Casting
29:02 Chain Mail Armor
28:48 Padded Archer Armor
30:55 Hand Cart
30:26 Loom
31:08 Elite Skirmisher
33:34 Chain Mail Armor
33:32 Thumb Ring
33:39 Gold Mining
35:57 Stone Shaft Mining
38:17 Imperial Age
36:13 Fletching
36:39 Leather Archer Armor
36:47 Ballistics
36:29 Hul'che Javelineers
36:52 Bodkin Arrow
39:03 Bracer
40:03 Blast Furnace
38:49 Two-Handed Swordsman
40:16 Plate Mail Armor
40:31 Conscription
41:11 Bow Saw
45:10 Chemistry
46:10 Blast Furnace
45:41 Ring Archer Armor
46:38 Town Watch
BoBo鸡之印第安走地鸡
0:35 Loom
15:26 Feudal Age
19:14 Castle Age
17:18 Double-Bit Axe
17:26 Horse Collar
20:52 Wheelbarrow
20:54 Bow Saw
23:10 Heavy Plow
24:45 Stone Mining
27:47 Stone Shaft Mining
33:39 Hand Cart
35:55 Imperial Age
33:37 Padded Archer Armor
33:28 Fletching
33:38 Scale Mail Armor
33:49 Forging
34:18 Gambesons
34:33 Squires
34:19 Arson
33:55 Pikeman
34:44 Thumb Ring
34:00 Elite Skirmisher
35:01 Gold Mining
35:37 Leather Archer Armor
35:17 Bodkin Arrow
36:25 Chain Mail Armor
37:44 Iron Casting
38:58 Conscription
38:50 Logistica
39:24 Elite Cataphract
40:19 Scale Barding Armor
39:45 Halberdier
42:03 Two-Man Saw
41:42 Chain Barding Armor
42:23 Plate Mail Armor
43:28 Crop Rotation
43:04 Elite Varangian Guard
45:09 Plate Barding Armor
Connection lost

Rejoining the realm…

Still unreachable

The connection could not be restored.

Session expired

The server has moved on; the page needs a fresh start.